 Dungeon Crawl Stone Soup version 0.31.0-4-g52a2dc7128 (webtiles) character file.

Game seed: 2725101626031999941

272 DemonSlayer the Digger (level 6, 0/41 HPs)
             Began as a Demonspawn Earth Elementalist on Jan 22, 2024.
             Incinerated by a bombardier beetle (5 damage)
             ... with a burning spray
             ... on level 4 of the Dungeon.
             The game lasted 00:07:38 (3679 turns).

DemonSlayer the Digger (DsEE)                       Turns: 3679, Time: 00:07:38

Health: 0/41       AC:  5    Str:  8    XL:     6   Next: 2%
Magic:  10/11      EV: 12    Int: 15    God:
Gold:   182        SH:  0    Dex: 16    Spells: 4/12 levels left

rFire   . . .        h - +4 dagger
rCold   . . .        (no shield)
rNeg    . . .        a - +0 robe
rPois   .            d - +0 helmet
rElec   .            x - +0 cloak
rCorr   .            u - +0 pair of gloves
SInv    .            (no boots)
Will    .....        w - amulet of magic regeneration
Stlth   +            (no ring)
HPRegen 0.26/turn    (no ring)
MPRegen 0.52/turn

%: no passive effects
@: on fire, glowing
A: ignite blood 1, spiny 1, weakness stinger 1
a: no special abilities


You were on level 4 of the Dungeon.
You visited 2 branches of the dungeon, and saw 5 of its levels.

You collected 182 gold pieces.

Inventory:

Hand Weapons
 h - a +4 dagger (weapon)
Missiles
 n - a throwing net
Armour
 a - a +0 robe (worn)
 d - a +0 helmet (worn)
 u - a +0 pair of gloves (worn)
 x - a +0 cloak (worn)
Jewellery
 g - an amulet of reflection
 w - an amulet of magic regeneration (around neck)
Scrolls
 c - a scroll of acquirement {unknown}
 f - 3 scrolls of fear {unknown}
 j - 3 scrolls of teleportation {unknown}
 m - a scroll of fog {unknown}
 p - 2 scrolls of identify {unknown}
 q - 2 scrolls of blinking {unknown}
 r - a scroll of revelation {unknown}
 s - a scroll of amnesia {unknown}
 t - a scroll of vulnerability {unknown}
 y - a scroll of brand weapon {unknown}
Potions
 b - a potion of magic
 e - 2 potions of resistance {unknown}
 i - 2 potions of haste {unknown}
 k - a potion of cancellation {unknown}
 l - 3 potions of degeneration {unknown}
 o - a potion of might {unknown}
 v - a potion of lignification {unknown}


   Skills:
 + Level 0.2 Fighting
 + Level 0.2 Short Blades
 + Level 2.2 Dodging
 + Level 2.1 Stealth
 + Level 0.2 Unarmed Combat
 + Level 3.5 Spellcasting
 + Level 1.0 Conjurations
 + Level 4.9 Earth Magic


You had 4 spell levels left.
You knew the following spells:

 Your Spells              Type           Power      Damage    Failure   Level
a - Sandblast             Erth           34%        2d9       2%          1
b - Stone Arrow           Conj/Erth      22%        3d8       17%         3
c - Petrify               Alch/Erth      10%        N/A       56%         4

Your spell library contained the following spells:

 Spells                   Type           Power      Damage    Failure   Level
 Passwall                 Erth           17%        N/A       8%          3
 Dazzling Flash           Conj/Hex       8%         N/A       43%         3
 Volatile Blastmotes      Fire/Tloc      4%         2d10      50%         3
 Brom's Barrelling Bould  Conj/Erth      11%        2d3       50%         4
 Starburst                Conj/Fire      2%         6d3       100%        6
 Maxwell's Capacitive Co  Air            1%         ∞         100%        8


Dungeon Overview and Level Annotations

Branches:
Dungeon (4/15)             Temple (1/1) D:4

Altars:
Ashenzari
Cheibriados
Fedhas
Gozag
Makhleb
Okawaru
Trog
Wu Jian
Xom
Yredelemnul


Innate Abilities, Weirdness & Mutations

Your demonic aura sometimes causes spilled blood to erupt in flames.
You are partially covered in sharp spines.
You have a small tail.


Message History

The blast of sand hits the bombardier beetle.
The bombardier beetle is almost dead.
The liquid fire burns you!
The blast of sand misses the bombardier beetle.
The liquid fire burns you!
The bombardier beetle sprays incendiary fluid at you.
The burning spray hits you.
You are even more covered in liquid fire!
The blast of sand hits the bombardier beetle but does no damage.
The bombardier beetle is almost dead.
The liquid fire burns you!
The bombardier beetle sprays incendiary fluid at you.
The burning spray hits you.
You are even more covered in liquid fire!
You are too injured to fight recklessly!
Casting: Sandblast (safe; 2% risk of failure)
Confirm with . or Enter, or press ? or * to list all spells.
Aiming: Sandblast (safe; 2% risk of failure)
Press: ? - help, Shift-Dir - straight line, f/p - bombardier beetle
Aim: a bombardier beetle (severely wounded, 89% to hit)
The blast of sand hits the bombardier beetle!
You kill the bombardier beetle!
The liquid fire burns you!
Your magical contamination has completely faded away.
Your Dodging skill increases to level 2!
You have reached level 6!
You are on fire!
You shake off some of the fire as you move.
The liquid fire burns you!
* * * LOW HITPOINT WARNING * * *
You shake off some of the fire as you move.
The liquid fire burns you!
* * * LOW HITPOINT WARNING * * *
You are on fire!
You shake off some of the fire as you move.
The liquid fire burns you!
* * * LOW HITPOINT WARNING * * *
You shake off some of the fire as you move.
The liquid fire burns you!
You die...

...#.##..................##
.## ##.....†............#
#.#...............##
###.#..............## .
#.)<)..............#
..#..................#
.....................##
..#...........###...#.#
##...........@##.####
#................##
#.....#............##
#.######............# #.
#...#.......##
#..#######.## #### ###


There were no monsters in sight!

Vanquished Creatures
  A bombardier beetle (D:4)
  A gnoll bouda (D:3)
  9 gnolls
  2 adders
  3 dart slugs
  3 ribbon worms (D:3)
  3 orcs
  11 bats
  9 endoplasms
  3 giant cockroaches
  4 goblins
  8 hobgoblins
  10 jackals
  7 kobolds
  3 quokkas
  10 ball pythons
  3 frilled lizards
  2 rats
92 creatures vanquished.

Notes
Turn   | Place    | Note
-------+----------+-------------------------------------------
     0 | D:1      | DemonSlayer the Demonspawn Earth Elementalist began the
                  | quest for the Orb.
     0 | D:1      | Reached XP level 1. HP: 13/13 MP: 3/3
    97 | D:1      | Reached skill level 3 in Earth Magic
   147 | D:1      | Gained mutation: You have a small tail. [demonic ancestry]
   147 | D:1      | Reached XP level 2. HP: 19/19 MP: 1/5
   488 | D:1      | Gained mutation: You are partially covered in sharp spines.
                  | [demonic ancestry]
   488 | D:1      | Reached XP level 3. HP: 24/24 MP: 1/6
  1194 | D:1      | Found a faded altar of an unknown god.
  1555 | D:2      | Identified the +4 flail "Poloor" {speed, Will- Dex+2 SInv}
  1676 | D:2      | Reached XP level 4. HP: 30/30 MP: 3/8
  2007 | D:3      | Learned a level 3 spell: Stone Arrow
  2012 | D:3      | Learned a level 4 spell: Petrify
  2646 | D:3      | Found an ornate altar of the Wu Jian Council.
  2783 | D:4      | Found a staircase to the Ecumenical Temple.
  2786 | D:4      | Reached skill level 4 in Earth Magic
  2960 | D:3      | Gained mutation: Your demonic aura sometimes causes spilled
                  | blood to erupt in flames. [demonic ancestry]
  2960 | D:3      | Reached XP level 5. HP: 6/35 MP: 2/9
  3424 | Temple   | Entered the Ecumenical Temple
  3676 | D:4      | Reached XP level 6. HP: 15/41 MP: 8/11
  3679 | D:4      | Incinerated by a bombardier beetle

Illustrated notes

Levels and vault maps discovered:
D:1:      amcnicky_arrival_feature_with_door, layout_basic,
          shapermc_ecumenical_altar_petra, nrook_mini_vaults
D:2:      layout_basic, minmay_small_reverse_x
D:3:      layout_basic, nzn_wu_jian_contemplation
D:4:      layout_cave_pools, temple_statues, serial_bayou_pond_c
Temple:   chequers_temple_sunken

Skill      XL: |  1  2  3  4  5 |
---------------+----------------+-----
Earth Magic    | 3 4 |  4.9
Spellcasting   | 3 |  3.5
Stealth        | 2 |  2.1
Dodging        | 2 |  2.2
Fighting       | |  0.2
Short Blades   | |  0.2
Unarmed Combat | |  0.2
Conjurations   | |  1.0

Action                     |  1- 3 |  4- 6 || total
---------------------------+-------+-------++-------
  Melee: Unarmed           |    34 |       ||    34
         Dagger            |    25 |    11 ||    36
         Tailslap          |    13 |     1 ||    14
         Punch             |       |     1 ||     1
   Cast: Sandblast         |    47 |    77 ||   124
    Use: Scroll            |       |     4 ||     4
   Stab: Sleeping          |     1 |       ||     1
 Armour: Robe              |    47 |    36 ||    83
  Dodge: Dodged            |    50 |    42 ||    92
  Block: Other             |       |     8 ||     8
         Reflection        |       |     1 ||     1
